 Dungeon Crawl Stone Soup version 0.27.0-66-gdc8fb28755 (webtiles) character file.

Game seed: 2968370278235367800

53 calewdscratch the Gusty (level 3, -3/27 HPs)
             Began as a Draconian Air Elementalist on Aug 20, 2021.
             Slain by Terence (5 damage)
             ... on level 2 of the Dungeon.
             The game lasted 00:49:15 (3261 turns).

calewdscratch the Gusty (DrAE)                      Turns: 3261, Time: 00:49:16

Health: -3/27      AC:  6    Str: 10    XL:     3   Next: 64%
Magic:  0/6        EV: 12    Int: 16    God:
Gold:   89         SH:  0    Dex: 11    Spells: 4/7 levels left

rFire    . . .     SeeInvis .   f - +0 short sword
rCold    . . .     Faith    .   (no shield)
rNeg     . . .     Spirit   .   (armour unavailable)
rPois    .         Reflect  .   (helmet restricted)
rElec    .         Harm     .   (no cloak)
rCorr    .         Rampage  .   i - +0 pair of gloves
Will     +....                  (no boots)
Stlth    ++........             (no amulet)
HPRegen  0.09/turn              k - ring of willpower
MPRegen  0.10/turn              (no ring)

@: no status effects
A: AC +5, unfitting armour, cold-blooded
a: no special abilities


You were on level 2 of the Dungeon.
You visited 1 branch of the dungeon, and saw 2 of its levels.

You collected 89 gold pieces.

Inventory:

Hand Weapons
 f - a +0 short sword (weapon)
 m - a +0 short sword
Missiles
 g - 33 stones
 j - 13 arrows
 n - 9 poisoned darts
Armour
 i - a +0 pair of gloves (worn)
Magical Staves
 b - a staff of air
Jewellery
 k - a ring of willpower (left hand)
Scrolls
 a - 2 scrolls of teleportation {unknown}
 d - a scroll of enchant weapon {unknown}
 e - a scroll of fog {unknown}
 h - a scroll of enchant armour {unknown}
 l - a scroll of magic mapping {unknown}
Potions
 c - a potion of degeneration {unknown}


   Skills:
 + Level 0.5 Fighting
 + Level 2.1 Dodging
 + Level 1.9 Stealth
 + Level 0.4 Unarmed Combat
 + Level 2.5 Spellcasting
 + Level 1.2 Conjurations
 + Level 3.6 Air Magic


You had 4 spell levels left.
You knew the following spells:

 Your Spells              Type           Power      Damage    Failure   Level
a - Shock                 Conj/Air       36%        1d5       8%          1
b - Static Discharge      Conj/Air       9%         N/A       11%         2

Your spell library contained the following spells:

 Spells                   Type           Power      Damage    Failure   Level
 Swiftness                Air            13%        N/A       13%         3
 Airstrike                Air            6%         N/A       41%         4


Dungeon Overview and Level Annotations

Branches:
Dungeon (2/15)

Altars:

Annotations:
D:2 Terence


Innate Abilities, Weirdness & Mutations

Your plain brown scales are hard. (AC +5)
You cannot fit into any form of body armour.
You are cold-blooded and may be slowed by cold attacks.


Message History

You feel a surge of power!
The zap hits Terence.
Terence is moderately wounded.
Aiming: Shock (safe; 8% risk of failure)
Press: ? - help, Q - select action, (/) - cycle Shift-Dir - straight line, f/p - Terence
Aim: Terence, wielding a +0 mace and wearing a +0 scale mail (moderately wounded, 75% to hit)
You feel a surge of power!
The zap hits Terence.
Terence is heavily wounded.
Aiming: Shock (safe; 8% risk of failure)
Press: ? - help, Q - select action, (/) - cycle Shift-Dir - straight line, f/p - Terence
Aim: Terence, wielding a +0 mace and wearing a +0 scale mail (heavily wounded, 75% to hit)
You feel a surge of power!
The zap hits Terence but does no damage.
Terence is heavily wounded.
Terence hits you with a +0 mace.
Aiming: Shock (safe; 8% risk of failure)
Press: ? - help, Q - select action, (/) - cycle Shift-Dir - straight line, f/p - Terence
Aim: Terence, wielding a +0 mace and wearing a +0 scale mail (heavily wounded, 75% to hit)
You feel a surge of power!
The zap hits Terence.
Terence is heavily wounded.
Terence closely misses you.
f - a +0 short sword (weapon)
You rip the net and break free!
Terence hits you with a +0 mace.
You hit Terence.
Terence is severely wounded.
Terence hits you with a +0 mace.
You hit Terence but do no damage.
Terence is severely wounded.
Terence hits you with a +0 mace!
* * * LOW HITPOINT WARNING * * *
Aiming: Shock (safe; 8% risk of failure)
Press: ? - help, Q - select action, (/) - cycle Shift-Dir - straight line, f/p - Terence
Aim: Terence, wielding a +0 mace and wearing a +0 scale mail (severely wounded, 72% to hit)
The zap hits Terence.
Terence is severely wounded.
Terence hits you with a +0 mace.
* * * LOW HITPOINT WARNING * * *
You hit Terence. You tail-slap Terence.
Terence is almost dead.
Terence hits you with a +0 mace.
You die...

##### ##########
....#####.......@#
....#...#........@).....
....#...#...............
....#...#...............
....#...#.......#.......
....#...#.......#.......
..
.####...#.....†.........
..####
...##...#......#........
...... ...............#.
......


You could see Terence.

Vanquished Creatures
  2 worms (D:2)
  3 bats
  3 endoplasms
  A giant cockroach (D:1)
  2 goblins (D:1)
  2 hobgoblins (D:1)
  14 jackals
  A quokka (D:1)
  3 ball pythons
  4 frilled lizards
  5 kobolds
  3 rats
43 creatures vanquished.

Notes
Turn   | Place    | Note
-------+----------+-------------------------------------------
     0 | D:1      | calewdscratch the Draconian Air Elementalist began the
                  | quest for the Orb.
     0 | D:1      | Reached XP level 1. HP: 14/14 MP: 3/3
   258 | D:1      | Reached XP level 2. HP: 16/20 MP: 0/5
   955 | D:1      | HP: 1/20 [jackal (2)]
   958 | D:1      | Reached XP level 3. HP: 1/26 MP: 2/6
  2281 | D:1      | Learned a level 2 spell: Static Discharge
  2396 | D:2      | Noticed Terence
  3261 | D:2      | Slain by Terence

Illustrated notes

Levels and vault maps discovered:
D:1:      mainiacjoe_arrival_reflecting_pool, layout_basic
D:2:      layout_basic, uniq_terence

Skill      XL: |  1  2 |
---------------+-------+-----
Dodging        | 2 |  2.1
Fighting       | |  0.5
Stealth        | |  1.9
Unarmed Combat | |  0.4
Spellcasting   | |  2.5
Conjurations   | |  1.2
Air Magic      | |  3.6

Action                   || total
-------------------------++-------
Melee: Unarmed           ||    26
       Tailslap          ||    12
       Staff             ||    33
       Short sword       ||    39
 Cast: Shock             ||    81
Armor: Skin              ||    57
Dodge: Dodged            ||   121
